 Dungeon Crawl Stone Soup version 0.29.1-12-g30fa7ad0bf (webtiles) character file.

Game seed: 12948317931640741290

3069 hawla the Arsonist (level 10, -8/72 HPs)
             Began as a Meteoran Fire Elementalist on Dec 23, 2022.
             Was a Believer of Vehumet.
             Mangled by a two-headed ogre
             ... wielding a +0 giant club
              (14 damage)
             ... on level 8 of the Dungeon.
             The game lasted 00:13:51 (4175 turns).

hawla the Arsonist (Meteoran Fire Elementalist)     Turns: 4175, Time: 00:13:52

Health: -8/72      AC:  5    Str:  9    XL:     10   Next: 33%
Magic:  19/23      EV: 18    Int: 34    God:    Vehumet [**....]
Gold:   23         SH:  0    Dex: 18    Spells: 15/26 levels left

rFire   . . .      SeeInvis .   m - +4 rapier of Might {vamp, *Rage rCorr Int+5 Dex+4}
rCold   . . .      Faith    .   (no shield)
rNeg    . . .      Spirit   .   a - +2 robe
rPois   .          Reflect  .   (no helmet)
rElec   .          Harm     .   (no cloak)
rCorr   +          Rampage  .   (no gloves)
Will    +....      Rage     20% t - +0 pair of boots
Stlth   +.........              l - amulet of magic regeneration
HPRegen 0.22/turn               x - +6 ring of intelligence
MPRegen 0.58/turn               B - +4 ring of evasion

@: glowing
A: sense surroundings 2, otherworldly, glowing, explore regen
a: Renounce Religion


You were on level 8 of the Dungeon.
You worshipped Vehumet.
Vehumet was pleased with you.
You visited 1 branch of the dungeon, and saw 8 of its levels.
You also visited: Sewer.

You collected 361 gold pieces.
You spent 338 gold pieces at shops.

Inventory:

Hand Weapons
 m - the +4 rapier of Might (weapon) {vamp, *Rage rCorr Int+5 Dex+4}
   (You found it on level 5 of the Dungeon)

   It occasionally heals its wielder for a portion of the damage dealt when it
   wounds a living foe.
   Int:       It affects your intelligence (+5).
   Dex:       It affects your dexterity (+4).
   *Rage:     It berserks you when you make melee attacks (+20% chance).
   rCorr:     It protects you from acid and corrosion.
 q - a +0 falchion of holy wrath
Armour
 a - a +2 robe (worn)
 t - a +0 pair of boots (worn)
Magical Staves
 i - a staff of cold
 p - a staff of earth
Jewellery
 l - an amulet of magic regeneration (around neck)
 x - a +6 ring of intelligence (left hand)
 B - a +4 ring of evasion (right hand)
Wands
 d - a wand of flame (9)
 k - a wand of paralysis (2)
 A - a wand of roots (4)
 F - a wand of quicksilver (13) (quivered)
Scrolls
 f - a scroll of fog
 g - 3 scrolls of teleportation
 r - a scroll of amnesia {unknown}
 s - a scroll of acquirement {unknown}
 u - a scroll of noise {unknown}
 y - a scroll of immolation {unknown}
 C - a scroll of summoning {unknown}
 D - a scroll of poison {unknown}
Potions
 b - 2 potions of magic
 c - 3 potions of might {unknown}
 e - a potion of haste {unknown}
 h - a potion of mutation {unknown}
 j - 2 potions of attraction {unknown}
 n - a potion of curing
 o - 3 potions of heal wounds
 v - a potion of degeneration {unknown}
 w - a potion of flight {unknown}
 z - a potion of ambrosia
 E - a potion of cancellation


   Skills:
 - Level 1.5 Fighting
 - Level 2.2 Short Blades
 - Level 4.2 Dodging
 - Level 1.4 Stealth
 - Level 8.9 Spellcasting
 - Level 6.3 Conjurations
 + Level 4.3 Hexes
 - Level 9.9 Fire Magic
 - Level 2.0 Ice Magic
 - Level 2.0 Earth Magic
 - Level 2.0 Evocations


You had 15 spell levels left.
You knew the following spells:

 Your Spells              Type           Power      Damage    Failure   Level
a - Foxfire               Conj/Fire      100%       2x1d9     1%          1
b - Scorch                Fire           100%       2d10      1%          2
c - Flame Wave            Conj/Fire      63%        2d15      1%          4
d - Cause Fear            Hex            22%        N/A       4%          4

Your spell library contained the following spells:

 Spells                   Type           Power      Damage    Failure   Level
 Searing Ray              Conj           100%       2d8       1%          2
 Conjure Flame            Conj/Fire      63%        6-21      1%          3
 Inner Flame              Hex/Fire       59%        N/A       1%          3
 Tukima's Dance           Hex            44%        N/A       1%          3
 Portal Projectile        Hex/Tloc       58%        N/A       3%          3
 Blade Hands              Tmut           7%         N/A       63%         5
 Dragon Form              Tmut           7%         N/A       100%        7
 Dragon's Call            Summ           7%         N/A       100%        9


Dungeon Overview and Level Annotations

Branches:
Dungeon (8/15) Zot: 678    Temple (0/1) D:7           Sewer (visited)
   Lair: D:8-11

Altars:
Ashenzari
Cheibriados
Dithmenos
Elyvilon
Fedhas
Gozag
Makhleb
Okawaru
Vehumet

Shops:
D:4 (   D:7 *!


Innate Abilities, Weirdness & Mutations

You passively map the area around you.
You are easily found by Zot.
You glow in the dark.
You regain HP and MP as you explore.


Message History

The gnoll is heavily wounded.
The gnoll's fire resistance burns away.
The gnoll hits you from afar with a +0 spear.
Casting: Scorch (safe; 1% risk of failure)
Confirm with . or Enter, or press ? or * to list all spells.
Flames lash the gnoll.
The gnoll is burned terribly!
You kill the gnoll!
Vehumet accepts your kill.
You feel your power returning.
You pick up a book of Weapons and begin reading...
You add the spells Tukima's Dance, Portal Projectile and Blade Hands to your library.
Found a stone staircase leading up.
Found an escape hatch in the floor.
You open the door.
There is an open door here.
There is an escape hatch in the floor here.
A centaur comes into view.
A two-headed ogre comes into view. It is wielding two +0 giant clubs.
The two-headed ogre shouts in stereo!
The centaur shouts!
The centaur wields a +2 shortbow of freezing.
It is covered in frost.
The centaur shoots an arrow.
The arrow completely misses you.
Casting: Scorch (safe; 1% risk of failure)
Confirm with . or Enter, or press ? or * to list all spells.
Casting: Flame Wave (dangerous; 1% risk of failure)
Press: ? - help, Dir - look around, f - activate A wave of flame ripples out!
The flame wave engulfs the two-headed ogre!
The two-headed ogre is moderately wounded. (Press . to intensify the flame waves.)
The two-headed ogre hits you with a +0 giant club! x2
The centaur shoots an arrow.
The arrow completely misses you.
A wave of flame ripples out!
The flame wave engulfs the two-headed ogre!
The two-headed ogre is heavily wounded.
The centaur shoots an arrow.
The arrow hits you! The arrow freezes you.
The two-headed ogre hits you with a +0 giant club!!
* * * LOW HITPOINT WARNING * * *
The two-headed ogre hits you with a +0 giant club!
You die...

#...................#..≈≈≈≈≈.
#....................########
#...................#........
#############.......#........
#.......#.####### #.......#+#
# #........ , #
######........ # * *
#...O@........ # ,
,.............?.#, , #
...............# * *
,.....c.........# * * ,
...............# * *
###............# *
#............# #............*
* , ,


You could see a two-headed ogre and a centaur.

Vanquished Creatures
  Maggie (D:6)
  A water moccasin (D:5)
  An orc warrior (D:8)
  Pargi (Sewer)
  2 ice beasts (D:7)
  3 sky beasts (D:6)
  A black bear (D:7)
  2 ogres
  A centaur (D:7)
  A phantom (D:7)
  Blork the orc (D:6)
  2 bullfrogs
  2 necrophages
  4 scorpions
  3 wights (D:7)
  3 killer bees (D:6)
  A howler monkey (D:6)
  8 hounds
  A jelly (D:5)
  4 orc priests
  5 orc wizards
  4 iguanas
  5 gnolls
  7 adders
  A white imp (D:7)
  2 worms
  24 orcs
  An endoplasm (D:2)
  4 giant cockroaches
  3 goblins
  A hobgoblin (D:4)
  2 quokkas
  A ball python (D:3)
  3 bats
  2 kobolds
  4 rats
112 creatures vanquished.

Vanquished Creatures (others)
  88 foxfires
88 creatures vanquished.

Grand Total: 200 creatures vanquished

Notes
Turn   | Place    | Note
-------+----------+-------------------------------------------
     0 | D:1      | hawla the Meteoran Fire Elementalist began the quest for
                  | the Orb.
     0 | D:1      | Reached XP level 1. HP: 14/14 MP: 5/5
   111 | D:2      | Reached skill level 4 in Fire Magic
   111 | D:2      | Reached XP level 2. HP: 16/20 MP: 3/6
   346 | D:2      | Reached XP level 3. HP: 22/26 MP: 4/8
   576 | D:4      | Reached XP level 4. HP: 29/33 MP: 3/9
   579 | D:4      | Learned a level 2 spell: Scorch
   618 | D:4      | Found an iron altar of Okawaru.
   647 | D:4      | Found Ciruz's Weapon Emporium.
   653 | D:4      | Noticed a scorpion
   658 | D:4      | Killed a scorpion
   659 | D:4      | Reached skill level 5 in Fire Magic
   659 | D:4      | Reached XP level 5. HP: 39/39 MP: 3/11
   664 | D:4      | Learned a level 4 spell: Flame Wave
   709 | D:4      | Found a glowing drain.
   720 | Sewer    | Entered a sewer
   813 | Sewer    | Noticed Pargi
   816 | Sewer    | Killed Pargi
   817 | Sewer    | Reached XP level 6. HP: 46/46 MP: 5/12
   999 | D:4      | Reached skill level 5 in Conjurations
  1233 | D:4      | Reached XP level 7. HP: 45/51 MP: 3/13
  1304 | D:4      | Found a radiant altar of Vehumet.
  1309 | D:4      | Reached skill level 1 in Ice Magic
  1309 | D:4      | Reached skill level 1 in Evocations
  1314 | D:4      | Became a worshipper of Vehumet
  1570 | D:5      | Entered Level 5 of the Dungeon
  1586 | D:5      | Identified the +4 rapier of Might {vamp, *Rage rCorr Int+5
                  | Dex+4}
  1610 | D:5      | Reached skill level 1 in Short Blades
  1709 | D:5      | Reached XP level 8. HP: 44/58 MP: 7/15
  1838 | D:5      | Reached skill level 1 in Earth Magic
  1866 | D:5      | Reached skill level 5 in Spellcasting
  1866 | D:5      | Reached skill level 6 in Fire Magic
  1867 | D:5      | Found an opulent altar of Gozag.
  1899 | D:5      | Reached * piety under Vehumet
  1899 | D:5      | Offered knowledge of Sandblast by Vehumet.
  1993 | D:5      | Reached skill level 1 in Fighting
  2070 | D:5      | Found a shadowy altar of Dithmenos.
  2440 | D:6      | Noticed Maggie
  2450 | D:6      | Killed Maggie
  2451 | D:6      | Reached skill level 7 in Fire Magic
  2451 | D:6      | Gained mutation: You passively map the area around you.
                  | [Meteoran growth]
  2451 | D:6      | Reached XP level 9. HP: 44/64 MP: 4/20
  2512 | D:6      | Found a snail-covered altar of Cheibriados.
  2633 | D:6      | Noticed Blork the orc
  2637 | D:6      | Killed Blork the orc
  2709 | D:6      | Reached skill level 8 in Fire Magic
  2842 | D:6      | Found a broken altar of Ashenzari.
  2895 | D:6      | Reached skill level 9 in Fire Magic
  3078 | D:7      | Found Quraohiu's Distillery.
  3084 | D:7      | Identified the +0 leather armour "Kaere" {+Inv}
  3102 | D:7      | Bought a potion of ambrosia for 104 gold pieces
  3102 | D:7      | Bought a potion of heal wounds for 65 gold pieces
  3102 | D:7      | Bought a potion of heal wounds for 65 gold pieces
  3122 | D:7      | Reached XP level 10. HP: 58/71 MP: 17/23
  3350 | D:7      | Learned a level 4 spell: Cause Fear
  3452 | D:7      | Offered knowledge of Searing Ray by Vehumet.
  3496 | D:7      | Reached ** piety under Vehumet
  3497 | D:7      | Reached skill level 1 in Hexes
  3529 | D:7      | Found a white marble altar of Elyvilon.
  3602 | D:7      | Found Dutedor's Island Escapes.
  3655 | D:7      | Found a blossoming altar of Fedhas.
  3924 | D:7      | Bought a potion of cancellation for 104 gold pieces
  4021 | D:7      | Found a staircase to the Ecumenical Temple.
  4101 | D:8      | Found a burning altar of Makhleb.
  4172 | D:8      | Noticed a two-headed ogre
  4175 | D:8      | Mangled by a two-headed ogre

Illustrated notes

Levels and vault maps discovered:
D:1:      evilmike_arrival_fibonacci_small, layout_basic,
          dreamdust_ecumenical_altar_angels_and_demons
D:2:      layout_loops_corners
D:3:      layout_basic, minmay_cupped, uniq_sigmund
D:4:      layout_cave_pods, mainiacjoe_overflow_brackets,
          nicolae_vehumet_altar_sigil, serial_shops, shop,
          gup_sewer_entry_bubbles, minmay_crystal_water
D:5:      layout_basic, old_standard_altar, grunt_dithmenos_smoke
D:6:      layout_basic, ashenzari_altar_1, cheibrodos_worm_habitat, st_stairs_4,
          uniq_maggie, uniq_blork_the_orc, uniq_crazy_yiuf_cottage
D:7:      layout_loops_cross, nicolae_overflow_hidden_temple,
          kennysheep_little_box, mainiacjoe_overflow_surrounded_room,
          minmay_temple_entry_trees, serial_co_window_serial,
          co_window_corner_a, co_window_paths_b, co_window_corner_a,
          co_window_paths_a, co_window_paths_b, co_window_paths_a,
          co_window_2corner, co_window_corner_b, co_window_corner_b,
          co_window_broadway_b, co_window_4corner_b, serial_shops,
          nicolae_shop_trees, nicolae_island_escapes
D:8:      layout_basic, mainiacjoe_overflow_paths,
          mainiacjoe_overflow_cross_hatched

Skill      XL: |  1  2  3  4  5  6  7  8  9 10 |
---------------+-------------------------------+-----
Fire Magic     | 4 5 7 9 |  9.9
Spellcasting   | 3 4 6 8 |  8.9
Dodging        | 3 4 |  4.2
Conjurations   | 2 4 5 6 |  6.3
Ice Magic      | 2 |  2.0
Evocations     | 2 |  2.0
Short Blades   | 1 2 |  2.2
Earth Magic    | 2 |  2.0
Fighting       | 1 |  1.5
Hexes          | 4 |  4.3
Stealth        | |  1.4

Action                   |  1- 3 |  4- 6 |  7- 9 | 10-12 || total
-------------------------+-------+-------+-------+-------++-------
Melee: Unarmed           |    10 |       |       |       ||    10
       Rapier            |       |       |    11 |     9 ||    20
       Punch             |       |       |     1 |       ||     1
 Cast: Foxfire           |    19 |     9 |    20 |     7 ||    55
       Scorch            |       |    23 |    49 |    26 ||    98
       Flame Wave        |       |       |    11 |     3 ||    14
       Cause Fear        |       |       |       |     1 ||     1
  Use: Scroll            |     4 |       |     4 |       ||     8
Armor: Robe              |     3 |     3 |    10 |     4 ||    20
Dodge: Dodged            |     6 |     5 |    25 |    19 ||    55
